 Dungeon Crawl Stone Soup version bcrawl-1.37.2 (webtiles) character file.

Game seed: 16218795396516162876

92563 FaviusArthum the Grave Robber (level 3, 2/24 HPs)
             Began as a Human Necromancer on Dec 20, 2022.
             Starved to death
             ... on level 1 of the Dungeon.
             The game lasted 00:12:32 (1900 turns).

FaviusArthum the Grave Robber (Human Necromancer)   Turns: 1900, Time: 00:12:32

Health: 2/24       AC:  9    Str:  8    XL:     3   Next: 87%
Magic:  6/6        EV:  3    Int: 16    God:
Gold:   64         SH:  0    Dex: 16    Spells: 5/6 levels left

rFire    . . .     GDR:     29% j - +1 dagger (flame)
rCold    + . .     SeeInvis .   (no shield)
rNeg     . . .     Gourm    .   m - +0 chain mail
rPois    .         Faith    .   p - +0 helmet
rElec    .         Spirit   .   (no cloak)
rCorr    .         Reflect  .   (no gloves)
MR       .....                  (no boots)
Stlth    ..........             (no amulet)
HPRegen  0.14/turn              f - +3 ring of dexterity
MPRegen  0.10/turn              k - ring of protection from cold

@: fainting
A: no striking features
a: no special abilities


You were on level 1 of the Dungeon.
You were fainting.

You visited 1 branch of the dungeon, and saw 2 of its levels.

You collected 64 gold pieces.

Inventory:

Hand Weapons
 a - a +0 dagger of pain
 d - a +0 hand axe
 g - a +0 club
 j - a +1 dagger of flaming (weapon)
Armour
 b - a +0 robe
 h - a +0 leather armour
 l - a +0 plate armour
 m - a +0 chain mail (worn)
 p - a +0 helmet (worn)
Jewellery
 c - an uncursed amulet of faith {unknown}
 f - a +3 ring of dexterity (left hand)
 k - a ring of protection from cold (right hand)
 t - an uncursed ring of resist corrosion {unknown}
Scrolls
 i - a scroll of identify
 q - a scroll of teleportation
 r - a scroll of fog {unknown}
Potions
 e - 2 potions of brilliance {unknown}
 n - a potion of curing {unknown}
 o - a potion of might {unknown}
 s - a potion of flight {unknown}


   Skills:
 + Level 0.1 Fighting
 + Level 0.2 Short Blades
 + Level 1.3 Armour
 + Level 2.2 Dodging
 + Level 2.8 Stealth
 + Level 2.1 Spellcasting
 + Level 5.0 Necromancy


You had 5 spell levels left.
You knew the following spells:

 Your Spells              Type           Power        Failure   Level  Hunger
a - Necrotize             Necr           ###...       99%         1    None

Your spell library contained the following spells:

 Spells                   Type           Power        Failure   Level  Hunger
 Vampiric Draining        Necr           ###.......   100%        3    ####...
 Agony                    Necr           ###.....     100%        4    ######.
 Animate Dead             Necr           N/A          100%        4    ######.
 Dispel Undead            Necr           ###.....     100%        5    #######


Dungeon Overview and Level Annotations

Branches:
Dungeon (2/12)

Altars:

Annotations:
D:2 Sigmund


Message History

The worm bites you but does no damage.
You hit the worm.
The worm is moderately wounded.
You hit the worm but do no damage.
The worm is moderately wounded.
The worm bites you but does no damage.
You barely miss the worm.
The worm is moderately wounded.
The worm bites you but does no damage.
You hit the worm but do no damage.
The worm is moderately wounded.
You hit the worm. You burn the worm.
The worm is heavily wounded.
The worm bites you but does no damage.
You hit the worm but do no damage.
The worm is moderately wounded.
You hit the worm but do no damage.
The worm is moderately wounded.
You have starved to death.
You die...

......#.# #..# ..#.....#
#..# ..#.##### ##.##
...§# #..# ##'###
######..#
≈≈.≈≈#####.......#
....≈§#.....###..#######
.§...§#.##..# ##.#.....#
.≈≈≈.≈#.##..####@....#.#
≈≈≈...'.##......w..#.#.#
..≈§§§#####^######...#.#
...§§§# #.............#
≈.≈≈§## ##..#######..####
#'#######....######.....#
#.#####...^.............#
#..........#............#
######.###.†.#.#.#.#.#..#


You could see a worm.

Vanquished Creatures
  2 worms (D:2)
  A dart slug (D:1)
  3 ball pythons
  A giant cockroach (D:1)
  5 goblins
  6 hobgoblins
  3 jackals (D:1)
  4 kobolds
  A bat (D:2)
  A frilled lizard (D:1)
  2 rats
29 creatures vanquished.

Vanquished Creatures (collateral kills)
  2 giant cockroaches (D:1)
  A goblin (D:1)
3 creatures vanquished.

Grand Total: 32 creatures vanquished

Notes
Turn   | Place    | Note
-------+----------+-------------------------------------------
     0 | D:1      | FaviusArthum the Human Necromancer began the quest for the
                  | Orb.
     0 | D:1      | Reached XP level 1. HP: 13/13 MP: 3/3
   258 | D:1      | Reached XP level 2. HP: 14/19 MP: 3/5
   457 | D:2      | Reached skill level 5 in Necromancy
   673 | D:2      | Reached XP level 3. HP: 10/24 MP: 6/6
   999 | D:2      | Noticed Sigmund
  1388 | D:1      | Reached skill level 1 in Armour
  1880 | D:2      | Paralysed by fainting for 6 turns
  1887 | D:2      | HP: 1/24 [worm (4)]
  1900 | D:1      | Starved to death

Skill      XL: |  1  2  3 |
---------------+----------+-----
Necromancy     | 5 |  5.0
Armour         | 1 |  1.3
Fighting       | |  0.1
Short Blades   | |  0.2
Dodging        | |  2.2
Stealth        | |  2.8
Spellcasting   | |  2.1

Action                   || total
-------------------------++-------
Melee: Hand axe          ||     8
       Dagger            ||   140
 Cast: Necrotize         ||     7
  Use: Scroll            ||     1
  Eat: Ration            ||     1
Armor: Leather armour    ||     4
       Chain mail        ||    92
Dodge: Dodged            ||    28
